 Dungeon Crawl Stone Soup version 0.19-a0-1091-g463c9de (webtiles) character file.

2786 HaroldButt the Basher (level 9, -1/59 HPs)
             Began as a Gargoyle Fighter on Aug 7, 2016.
             Was a Believer of Okawaru.
             Killed by divine providence
             ... invoked by an orc priest
              (12 damage)
             ... on level 8 of the Dungeon.
             The game lasted 00:20:44 (6750 turns).

HaroldButt the Basher (Gargoyle Fighter)            Turns: 6750, Time: 00:20:45

Health: -1/59      AC: 22    Str: 23    XL:     9   Next: 70%
Magic:  9/9        EV:  9    Int: 12    God:    Okawaru [**....]
Gold:   158        SH:  0    Dex:  9    Spells: 0 memorised, 8 levels left

rFire  . . .     SeeInvis +     a - +0 flail
rCold  . . .     Gourm    .     G - +0 chain mail of Shadows and Fog {*Contam rPois MR+ Int+3}
rNeg   + . .     Faith    .     (no shield)
rPois  ∞         Spirit   .     g - +0 helmet
rElec  +         Dismiss  .     w - +0 cloak
rCorr  .         Reflect  .     s - +1 pair of gloves
SustAt .         Harm     .     p - +0 pair of boots
MR     +....                    (no amulet)
Stlth  ..........               (no ring)
                                H - ring of see invisible

@:
A: hooves 2, yellow scales 1, see invisible, negative energy resistance 1,
electricity resistance, unbreathing, petrification resistance, rot immunity, AC
+5
a: Heroism, Renounce Religion


You were on level 8 of the Dungeon.
You worshipped Okawaru.
Okawaru was pleased with you.
You were hungry.

You visited 2 branches of the dungeon, and saw 9 of its levels.

You collected 332 gold pieces.
You spent 174 gold pieces at shops.

Inventory:

Hand Weapons
 a - a +0 flail (weapon)
 q - a +0 blowgun
 t - a +1 whip of flaming
Missiles
 r - 33 poisoned needles
Armour
 c - a +0 shield
 e - a +2 pair of boots
 g - a +0 helmet (worn)
 h - a +0 ring mail
 p - a +0 pair of boots (worn)
 s - a +1 pair of gloves (worn)
 w - a +0 cloak (worn)
 G - the +0 chain mail of Shadows and Fog (worn) {*Contam rPois MR+ Int+3}
   (You found it on level 6 of the Dungeon)

   It affects your intelligence (+3).
   It protects you from poison.
   It affects your resistance to hostile enchantments.
   It causes magical contamination when unequipped.
Magical Staves
 k - an uncursed staff of earth
Jewellery
 H - a ring of see invisible (left hand)
Wands
 E - a wand of digging (9/24)
Scrolls
 i - 3 scrolls of amnesia
 j - 6 scrolls of identify
 m - 2 scrolls of teleportation
 v - 3 scrolls of remove curse
 x - 2 scrolls of recharging
 y - a scroll of fear
 A - a scroll of blinking
 B - a scroll of immolation
Potions
 b - a potion of brilliance
 d - a potion of flight
 l - 3 potions of curing
 D - 2 potions of invisibility
Miscellaneous
 u - a phantom mirror
Comestibles
 f - 5 bread rations
 n - 2 fruits
 o - 3 meat rations
 C - 2 beef jerkies
 F - a slice of pizza


   Skills:
 - Level 8.0 Fighting
 - Level 10.1 Maces & Flails
 - Level 3.2 Armour
 + Level 4.0 Dodging
 - Level 3.2 Shields


You had 8 spell levels left.
You didn't know any spells.

Dungeon Overview and Level Annotations

Branches:
Dungeon (8/15)             Temple (1/1) D:4
   Lair: D:8-11

Altars:
Dithmenos
Elyvilon
Fedhas
Makhleb
Okawaru
Ru
Uskayaw

Shops:
D:5 ?


Innate Abilities, Weirdness & Mutations

You are resistant to torment.
Your stone body is resilient. (AC +5)
You are immune to poison.
You resist negative energy. (rN+)
You are resistant to electric shocks. (rElec)
You can survive without breathing.
You are immune to petrification.
You are immune to rotting.
You have hoof-like feet.
You are partially covered in yellow scales. (AC +2)
You have supernaturally acute eyesight. (SInv)


Message History

The orc priest calls down the wrath of Beogh upon you.
Pain shoots through your body! The sheep completely misses you.
Your chain mail of Shadows and Fog prevents you from hitting the orc priest.
The porcupine bites you but does no damage.
The orc priest barely misses you. The sheep closely misses you.
The porcupine bites you!
A black bear comes into view.
The black bear growls angrily.
The orc priest invokes the aid of Beogh against you.
Beogh smites you!
The orc wizard mumbles some strange words.
The orc wizard flickers and vanishes for a moment.
Found 19 bolts.
The orc priest miscasts a cantrip.
The orc priest invokes the aid of Beogh against you.
Beogh smites you!
* * * LOW HITPOINT WARNING * * *
The orc priest mumbles some strange prayers to Beogh against you.
Beogh smites you!
You die...

##r###..#oY.
#.# . Y.
...####Y####...
...(h.ro.......
...####.####...
#h# #.# #.# #@#
#............
#...........#
#.........###
#.........#
#.........#
#.........#
###########


You could see a black bear, a porcupine, a sheep and an orc priest.

Vanquished Creatures
  Pikel (D:3)
  Grinder (D:3)
  The ghost of Fenrir042 the Firebug, an amateur GrFE of Vehumet (D:4)
  An ice beast (D:5)
  4 sky beasts
  3 ogres (D:6)
  A wasp (D:6)
  A centaur (D:5)
  2 giant frogs (D:6)
  A gnoll sergeant (D:6)
  A wyvern zombie (D:6)
  3 scorpions
  A howler monkey (D:5)
  2 crimson imps
  Crazy Yiuf (D:4)
  2 hounds
  2 orc wizards (D:6)
  3 iguanas
  3 worker ants
  A worker ant zombie (D:5)
  4 gnolls (D:6)
  8 adders
  4 shadow imps (D:6)
  4 oozes
  3 worms
  3 dart slugs
  6 giant geckos
  7 orcs
  A ball python (D:3)
  8 giant cockroaches
  10 goblins
  12 hobgoblins
  11 jackals
  7 kobolds
  A quokka (D:3)
  A ball python skeleton (D:4)
  9 bats
  A giant gecko zombie (D:5)
  7 giant newts
  9 rats
151 creatures vanquished.

Vanquished Creatures (others)
  An ogre (D:4)
1 creature vanquished.

Grand Total: 152 creatures vanquished

Notes
Turn   | Place    | Note
-------+----------+-------------------------------------------
     0 | D:1      | HaroldButt the Gargoyle Fighter began the quest for the Orb.
     0 | D:1      | Reached XP level 1. HP: 14/14 MP: 1/1
   115 | D:1      | Reached XP level 2. HP: 19/19 MP: 2/2
   231 | D:1      | Reached skill level 3 in Maces & Flails
   284 | D:1      | Reached XP level 3. HP: 22/23 MP: 3/3
   557 | D:2      | Reached skill level 4 in Maces & Flails
   678 | D:2      | Reached XP level 4. HP: 28/28 MP: 4/4
  1555 | D:3      | Reached skill level 5 in Maces & Flails
  1566 | D:3      | Reached XP level 5. HP: 16/32 MP: 5/5
  1817 | D:3      | Noticed Grinder
  1884 | D:3      | Found a faded altar of an unknown god.
  2019 | D:4      | Noticed Fenrir042's ghost (amateur GrFE)
  2047 | D:4      | Killed Fenrir042's ghost
  2047 | D:4      | Reached skill level 6 in Maces & Flails
  2047 | D:4      | Reached XP level 6. HP: 18/37 MP: 6/6
  2279 | D:4      | Noticed Pikel
  2279 | D:4      | Noticed a slave
  2279 | D:4      | Noticed a slave
  2380 | D:3      | Killed Grinder
  2380 | D:3      | Reached skill level 7 in Maces & Flails
  2380 | D:3      | Reached XP level 7. HP: 5/41 MP: 7/7
  2925 | D:4      | Found a white marble altar of Elyvilon.
  3219 | D:3      | Killed Pikel
  3219 | D:3      | Reached skill level 9 in Maces & Flails
  3219 | D:3      | Reached XP level 8. HP: 42/46 MP: 8/8
  3289 | D:4      | Gained mutation: You have large cloven feet. [potion of mutation]
  3289 | D:4      | Gained mutation: You have hoof-like feet. [potion of mutation]
  3289 | D:4      | Gained mutation: You are partially covered in yellow scales. (AC +2) [potion of mutation]
  3482 | D:4      | Gained mutation: You have supernaturally acute eyesight. (SInv) [mutagenic meat]
  3679 | D:4      | Found a blossoming altar of Fedhas.
  3810 | D:4      | Found a staircase to the Ecumenical Temple.
  3829 | Temple   | Entered the Ecumenical Temple
  3850 | Temple   | Became a worshipper of Warmaster Okawaru
  4208 | D:4      | Found a runed door.
  4212 | D:4      | Noticed Crazy Yiuf
  4302 | D:4      | Killed Crazy Yiuf
  4483 | D:5      | Entered Level 5 of the Dungeon
  4687 | D:5      | Reached skill level 10 in Maces & Flails
  4798 | D:5      | Reached * piety under Okawaru
  4798 | D:5      | Reached skill level 5 in Fighting
  4827 | D:5      | Found Resmon's Magic Scroll Boutique.
  4830 | D:5      | Bought a scroll of fear for 42 gold pieces
  4830 | D:5      | Bought a scroll of blinking for 90 gold pieces
  4830 | D:5      | Bought a scroll of immolation for 42 gold pieces
  4877 | D:5      | Reached XP level 9. HP: 37/55 MP: 9/9
  5524 | D:6      | Found a sacrificial altar of Ru.
  5660 | D:6      | Reached ** piety under Okawaru
  5795 | D:6      | Reached skill level 1 in Dodging
  6254 | D:6      | Got a shimmering chain mail
  6265 | D:6      | Identified the cursed +0 chain mail of Shadows and Fog {*Contam rPois MR+ Int+3} (You found it on level 6 of the Dungeon)
  6284 | D:6      | Found a shadowy altar of Dithmenos.
  6750 | D:8      | Killed from afar by an orc priest

Vault maps used:
D:1:      minmay_arrival_solitary_statue
D:2:      first_bread, minmay_split_cup_small
D:3:      ecumenical_altar_2, minmay_checkerbox, uniq_grinder
D:4:      lemuel_doored_altar, lemuel_crystal_altar, uniq_pikel,
          uniq_crazy_yiuf_cottage
D:5:      minmay_diamond_boxcup, serial_shops, kennysheep_mini_moat
D:6:      nicolae_ru_path_of_blood, grunt_dithmenos_smoke_and_mirrors,
          kennysheep_generic_room_3
D:8:      minmay_lair_entry_grove
Temple:   hc_temple_tempest_star

Skill      XL: |  1  2  3  4  5  6  7  8  9 |
---------------+----------------------------+-----
Maces & Flails | 3 4 5 6 7 9 10 | 10.1
Fighting       | 6 8 |  8.0
Dodging        | 4 |  4.0
Armour         | |  3.2
Shields        | |  3.2

Action                   |  1- 3 |  4- 6 |  7- 9 || total
-------------------------+-------+-------+-------++-------
Melee: Flail             |   109 |   315 |   410 ||   834
       Punch             |       |       |     1 ||     1
Invok: Heroism           |       |       |     1 ||     1
  Use: Scroll            |       |     9 |     7 ||    16
       Potion            |       |     4 |     1 ||     5
  Eat: Chunk             |       |     4 |    11 ||    15
       Meat ration       |       |     1 |       ||     1
Armor: Scale mail        |    11 |       |       ||    11
       Ring mail         |    55 |   320 |   162 ||   537
       Chain mail        |       |       |    19 ||    19
Dodge: Dodged            |    76 |   320 |   228 ||   624
